 Dungeon Crawl Stone Soup version 0.30-a0-702-gdf48620a09 (webtiles) character file.

Game seed: 16120694685704925913

54 Sabo the Firebug (level 3, 0/21 HPs)
             Began as an Octopode Fire Elementalist on Jan 21, 2023.
             Was an Initiate of Gozag.
             Slain by a jelly (1 damage)
             ... on level 3 of the Dungeon.
             The game lasted 00:12:35 (2289 turns).

Sabo the Firebug (Octopode Fire Elementalist)       Turns: 2289, Time: 00:12:35

Health: 0/21       AC: -3    Str: 13    XL:     3   Next: 91%
Magic:  1/7        EV: 13    Int: 19    God:    Gozag
Gold:   79         SH:  0    Dex: 12    Spells: 4/7 levels left

rFire   . . .      SeeInvis .    k - +0 hand axe
rCold   . . .      Faith    .    (no shield)
rNeg    . . .      Spirit   .    (helmet restricted)
rPois   .          Reflect  .    (no amulet)
rElec   .          Harm     .    h - +6 ring of strength
rCorr   .          Rampage  .    (no ring)
Will    .....                    (no ring)
Stlth   +++                      (no ring)
HPRegen 0.23/turn                (no ring)
MPRegen 0.10/turn                (no ring)
                                 (no ring)
                                 (no ring)

@: corroded, very slightly contaminated
A: almost no armour, amphibious, 8 rings, camouflage 1, gelatinous body 1,
(nimble swimmer 1), tentacles
a: Renounce Religion, Potion Petition, Call Merchant, Bribe Branch


You were on level 3 of the Dungeon.
You worshipped Gozag.
Gozag was noncommittal.
You visited 1 branch of the dungeon, and saw 3 of its levels.

You collected 90 gold pieces.
You paid 11 gold pieces to Gozag.

Inventory:

Hand Weapons
 k - a +0 hand axe (weapon)
Jewellery
 h - a +6 ring of strength (left tentacle)
Scrolls
 d - a scroll of fear {unknown}
 e - a scroll of brand weapon
 g - a scroll of amnesia
 i - a scroll of blinking {unknown}
Potions
 a - a potion of magic
 b - a potion of haste {unknown}
 c - a potion of flight {unknown}
 f - a potion of curing
 j - a potion of attraction {unknown}
 l - a potion of berserk rage {unknown}


   Skills:
 + Level 2.3 Dodging
 + Level 3.2 Stealth
 + Level 2.7 Spellcasting
 * Level 1.2 Conjurations
 + Level 3.6 Fire Magic


You had 4 spell levels left.
You knew the following spells:

 Your Spells              Type           Power      Damage    Failure   Level
a - Foxfire               Conj/Fire      44%        2x1d6     6%          1
b - Scorch                Fire           32%        2d7       5%          2

Your spell library contained the following spells:

 Spells                   Type           Power      Damage    Failure   Level
 Inner Flame              Hex/Fire       9%         N/A       22%         3
 Ensorcelled Hibernation  Hex/Ice        4%         N/A       24%         2
 Kindle Blastsparks       Fire/Tloc/Air  14%        2d11      28%         3
 Spider Form              Tmut/Pois      2%         N/A       43%         3
 Flame Wave               Conj/Fire      11%        2d6       50%         4
 Anguish                  Hex/Necr       1%         N/A       83%         4


Dungeon Overview and Level Annotations

Branches:
Dungeon (3/15)

Altars:
Gozag


Innate Abilities, Weirdness & Mutations

You cannot wear most types of armour.
You are amphibious.
You can wear up to eight rings at the same time.
Your skin changes colour to match your surroundings (Stealth+).
Your rubbery body absorbs attacks. (AC +1, EV +1)
((You are camouflaged when in or above water. (Stealth+)))
You have tentacles for arms and can constrict up to eight enemies at once.


Message History

The jelly quivers.
Casting: Scorch (safe; 5% risk of failure)
Confirm with . or Enter, or press ? or * to list all spells.
You miscast Scorch.
You are very lightly contaminated with residual magic.
Nothing appears to happen.
Casting: Scorch (safe; 5% risk of failure)
Confirm with . or Enter, or press ? or * to list all spells.
Flames lash the jelly.
The jelly is lightly wounded.
The jelly's fire resistance burns away.
Casting: Scorch (safe; 5% risk of failure)
Confirm with . or Enter, or press ? or * to list all spells.
Flames lash the quokka.
The quokka is severely wounded.
The quokka's fire resistance burns away.
The jelly barely misses you.
Casting: Scorch (safe; 5% risk of failure)
Confirm with . or Enter, or press ? or * to list all spells.
Okay, then.
You slash the jelly! The acid corrodes you!
Your tentacles burn!
The jelly is heavily wounded.
The jelly is no longer more vulnerable to fire.
The jelly barely misses you.
You hit the jelly but do no damage.
Your tentacles burn!
The jelly is heavily wounded.
The quokka is no longer more vulnerable to fire.
The jelly hits you.
You are splashed with acid!
* * * LOW HITPOINT WARNING * * *
You hit the jelly but do no damage.
Your tentacles burn!
* * * LOW HITPOINT WARNING * * *
You squeeze the jelly.
The jelly is almost dead.
The jelly closely misses you.
You hit the jelly.
Your tentacles burn!
* * * LOW HITPOINT WARNING * * *
The jelly is almost dead.
The jelly closely misses you. The jelly hits you.
You die...
Your body crumbles into a pile of gold.

#..# #..#
#..# #..# .#
#..## .# .r.
.. #J# .# #@#
.# #.#
##.######
#.###........
#.##.....#
#........#
####.....#
##...## ..
#.### .# #.#
.#


You could see a jelly and a quokka.

Vanquished Creatures
  An adder (D:2)
  A worm (D:2)
  A dart slug (D:1)
  9 bats
  4 endoplasms
  4 goblins
  3 hobgoblins
  2 kobolds (D:1)
  3 quokkas (D:2)
  4 ball pythons
  4 frilled lizards
  A rat (D:1)
37 creatures vanquished.

Vanquished Creatures (others)
  76 foxfires
76 creatures vanquished.

Grand Total: 113 creatures vanquished

Notes
Turn   | Place    | Note
-------+----------+-------------------------------------------
     0 | D:1      | Sabo the Octopode Fire Elementalist began the quest for the
                  | Orb.
     0 | D:1      | Reached XP level 1. HP: 11/11 MP: 3/3
   251 | D:1      | Reached XP level 2. HP: 17/17 MP: 3/5
   936 | D:2      | Reached XP level 3. HP: 20/21 MP: 1/6
  1032 | D:2      | Learned a level 2 spell: Scorch
  1393 | D:2      | Found an opulent altar of Gozag.
  1469 | D:2      | Became a worshipper of Gozag Ym Sagoz the Greedy
  2289 | D:3      | HP: 1/21 [acid (3)]
  2289 | D:3      | Slain by a jelly

Illustrated notes

Levels and vault maps discovered:
D:1:      psy_arrival_fountain, layout_rooms
D:2:      layout_basic, basic_altar
D:3:      layout_loops_ring, minmay_starry_boxes

Skill      XL: |  1  2  3 |
---------------+----------+-----
Stealth        | 3 |  3.2
Dodging        | |  2.3
Spellcasting   | |  2.7
Conjurations   | |  1.2
Fire Magic     | |  3.6

Action                   || total
-------------------------++-------
Melee: Dagger            ||     5
       Constrict         ||     3
       Hand axe          ||     5
       Tentacles         ||     2
 Cast: Foxfire           ||    43
       Scorch            ||     8
  Use: Scroll            ||     3
Armor: Skin              ||     2
Dodge: Dodged            ||    15

Table legend: (Time is in decaauts)
 A = Elapsed time spent in this place.
 B = Non-inter-level travel time spent in this place.
 C = Inter-level travel time spent in this place.
 D = Time resting spent in this place.
 E = Time spent auto-exploring this place.
 F = Levels seen in this place.
 G = Mean time per level.
                   A        B        C        D        E       F      G
               +--------+--------+--------+--------+--------+-----+--------+
         Total |   2287 |   2287 |      0 |    890 |      0 |   3 |  762.3 |
       Dungeon |   2287 |   2287 |      0 |    890 |      0 |   3 |  762.3 |
               +--------+--------+--------+--------+--------+-----+--------+

Top non-repeatable levels by time:
     D:2: 1339 daAuts
     D:1: 909 daAuts
     D:3: 39 daAuts
